Unix NetHack Version 5.0.0-0 post-release - last build Jun 10 2026 00:39:30 (3ee93aec679c4c4259841fe613dc97188e26a321,branch:main).

Game began 2026-06-10 08:21:50, ended 2026-06-10 08:45:48.

LDaviesPeters, neutral female human Archeologist

                  ----------
                  |........|
                 #.........|
                  |.........
                  --|--+----
                    #`###
 ------- #`          ###
 |????.|##           #
 |??.?@|#         ####
 |??...-##f#@:........       .-
 |??...|     h|...<..|
 -------     #|......|
             #|.......
             #|.i....|
             #-..{...|
              --------

LDaviesPeters the Field Worker  St:15 Dx:8 Co:13 In:13 Wi:17 Ch:10  Neutral
Dlvl:5  $:0  HP:0(19) Pw:21(21) AC:8  Xp:3 T:2093 

Latest messages:
 The kitten drops a scroll of create monster.
 You swap places with your kitten.
 You see here a scroll of create monster.
 Q - a scroll of create monster.
 What do you want to use or apply? [abfgklvN or ?*] b
 You put a scroll of create monster into the sack.
 "Hello, LDaviesPeters!  Welcome again to Kanturk's second-hand bookstore!"
 The kitten picks up a scroll labeled YUM YUM.
 The kitten drops a scroll labeled YUM YUM.
 You see here a scroll labeled YUM YUM.
 You decipher the label on your scroll labeled YUM YUM.
 T - a scroll of light.
 What do you want to use or apply? [abfgklvN or ?*] b
 You put a scroll of light into the sack.
 "Hello, LDaviesPeters!  Welcome again to Kanturk's second-hand bookstore!"
 You do not owe Kanturk anything.
 Moreover, you seem to have no gold.
 The kitten picks up a paperback book named Night Watch.
 The kitten drops a paperback book named Night Watch.
 The gnome swings his long sword.
 The gnome hits!
 You kill the gnome!
 o - 4 darts (14 in total).
 U - a long sword.
 You hear crashing rock.
 "Hello, LDaviesPeters!  Welcome again to Kanturk's second-hand bookstore!"
 The kitten picks up a paperback book named Night Watch.
 The kitten drops a paperback book named Night Watch.
 You see here a paperback book named Night Watch.
 V - a paperback book named Night Watch.
 "Hello, LDaviesPeters!  Welcome again to Kanturk's second-hand bookstore!"
 You hear crashing rock.
 You hear crashing rock.
 The kitten picks up a scroll of enchant armor.
 The kitten drops a scroll of enchant armor.
 What do you want to zap? [v or ?*] ?
 What do you want to zap? [v or ?*] <space>
 Never mind.
 You lash the dwarf.
 The dwarf swings her pick-axe.
 The dwarf hits!
 You miss the dwarf.
 The dwarf swings her pick-axe.
 The dwarf hits!
 You die...
 Do you want your possessions identified? [ynq] (y) y
 Do you want to see your attributes? [ynq] (y) y
 Do you want an account of creatures vanquished? [ynaq] (y) n
 Do you want to see your conduct and achievements? [ynq] (y) y
 Do you want to see the dungeon overview? [ynq] (y) n

Inventory:
 Amulets  ('"')
  J - an uncursed amulet of ESP (being worn)
 Weapons  (')')
  o - 14 +0 darts
  q - 7 cursed -2 darts
  C - 2 +0 orcish daggers
  a - a +2 bullwhip (weapon in right hand)
  U - a +0 long sword
 Armor    ('[')
  c - an uncursed +0 fedora
  D - an uncursed +0 orcish helm (being worn)
  h - an uncursed +0 leather jacket (being worn)
 Comestibles  ('%')
  w - an uncursed slime mold
  d - 3 uncursed food rations
  m - an uncursed tripe ration
 Spellbooks  ('+')
  V - an uncursed novel named Night Watch
 Wands    ('/')
  v - a wand of digging (0:3)
 Tools    ('(')
  b - an uncursed sack containing 18 items
  k - an uncursed lock pick
  l - a cursed magic lamp (lit)
  N - 4 uncursed tallow candles
  f - a tinning kit (0:30)
 Gems/Stones  ('*')
  r - 2 cursed amber stones
  g - an uncursed touchstone

Contents of the sack:
  89 gold pieces
  an uncursed scroll of amnesia
  an uncursed scroll of charging
  an uncursed scroll of create monster
  a cursed scroll of enchant armor
  an uncursed scroll of fire
  2 uncursed scrolls of identify
  an uncursed scroll of light
  an uncursed scroll of remove curse
  an uncursed potion of extra healing
  an uncursed potion of invisibility
  a blessed potion of monster detection
  an uncursed potion of restore ability
  an uncursed potion of sleeping
  a blessed potion of speed
  an uncursed potion of speed
  a potion of holy water
  a +0 pick-axe

LDaviesPeters the Archeologist's attributes:

Background:
 You were a Field Worker, a level 3 female human Archeologist.
 You were neutral, on a mission for Camaxtli
 who was opposed by Quetzalcoatl (lawful) and Huhetotl (chaotic).
 You were right-handed.
 You were in the Dungeons of Doom, on level 5.
 You entered the dungeon 2093 turns ago.
 You had 74 experience points, 6 more were needed to attain level 4.

Basics:
 You had 0 out of 19 hit points.
 You had all 21 energy points (spell power).
 Your armor class was 8.
 Your wallet was empty, but
 you had 89 zorkmids stashed away in your pack.
 Autopickup was off.

Final Characteristics:
 Your strength was 15 (limit:18/100).
 Your dexterity was 8 (limit:18).
 Your constitution was 13 (limit:18).
 Your intelligence was 13 (limit:18).
 Your wisdom was 17 (limit:18).
 Your charisma was 10 (limit:18).

Final Status:
 You weren't hungry.
 You were unencumbered.
 You were wielding a whip.
 You had basic skill with whip.

Final Attributes:
 You were piously aligned.
 You were telepathic.
 You had automatic searching.
 You are dead.

Miscellaneous:
 You didn't encounter any bones levels.
 Total elapsed playing time was 23 minutes and 57 seconds.

Major events:
 Turn
    1: LDaviesPeters the neutral female human Archeologist entered the dungeon
  441: entered the Gnomish Mines
 1572: attained the rank of Field Worker (level 3)
 2093: killed by a dwarf

Spells:
 Name                 Level Category     Fail Retention
 jumping                1   escape        43%  76%-100%

Skills:
 Fighting Skills
   bare handed combat [Unskilled]
   two weapon combat  [Unskilled]
   riding             [Unskilled]
 Weapon Skills
   dagger             [Unskilled]
   knife              [Unskilled]
   pick-axe           [Basic]
   short sword        [Unskilled]
   saber              [Unskilled]
   club               [Unskilled]
   quarterstaff       [Unskilled]
   sling              [Unskilled]
   dart               [Unskilled]
   boomerang          [Unskilled]
   whip               [Basic]
   unicorn horn       [Unskilled]
 Spellcasting Skills
   attack spells      [Unskilled]
   healing spells     [Unskilled]
   divination spells  [Unskilled]
   matter spells      [Unskilled]

Voluntary challenges:
 Character rerolling was not enabled.
 You never genocided any monsters.
 You never polymorphed an object.
 You never changed form.
 You used no wishes.
Achievements:
 You entered the Gnomish Mines.
 You attained the rank of Field Worker.
 You entered a shop.

 The Dungeons of Doom: levels 1 to 5
    Level 1:
    Level 2:
       Stairs down to The Gnomish Mines.
    Level 3:
       Some fountains, some graves.
    Level 4:
       A general store, a grave.
    Level 5: <- You were here.
       A scroll shop, a sink.
       Final resting place for
          you, killed by a dwarf.
 The Gnomish Mines:
    Level 3:


Vanquished creatures:
  a kobold shaman
  2 iguanas
  5 cave spiders
  a gnome
  5 jackals
  a kobold
  2 goblins
  a sewer rat
  3 grid bugs
  4 lichens
  5 newts
30 creatures vanquished.

No species were genocided or became extinct.

Game over:
                       ----------
                      /          \
                     /    REST    \
                    /      IN      \
                   /     PEACE      \
                  /                  \
                  |  LDaviesPeters   |
                  |      89 Au       |
                  |   killed by a    |
                  |      dwarf       |
                  |                  |
                  |                  |
                  |       2026       |
                 *|     *  *  *      | *
        _________)/\\_//(\/(/\)/\//\/|_)_______

Goodbye LDaviesPeters the Archeologist...

You died in The Dungeons of Doom on dungeon level 5 with 587 points,
and 89 pieces of gold, after 2093 moves.
You were level 3 with a maximum of 19 hit points when you died.

